 Dungeon Crawl Stone Soup version 0.21-a0-67-g3f13d09 (webtiles) character file.

20764122 kuniqs the Hoplite (level 27, 168/168 HPs)
             Began as a Vine Stalker Fighter on June 17, 2017.
             Was a Follower of Uskayaw.
             Escaped with the Orb
             ... and 15 runes!
             The game lasted 03:56:23 (73408 turns).

kuniqs the Hoplite (Vine Stalker Fighter)          Turns: 73408, Time: 03:56:23

Health: 168/168    AC: 64    Str: 31    XL:     27
Magic:  40/40      EV: 25    Int: 10    God:    Uskayaw [*.....]
Gold:   3759       SH: 28    Dex: 17    Spells: 26/26 levels left

rFire    + + .     SeeInvis +   S - +9 rapier (holy)
rCold    + + .     Gourm    .   A - +0 large shield "Uthuphyi" {rF+ rN+ SInv}
rNeg     + + +     Faith    .   R - +14 crystal plate armour
rPois    +         Spirit   +   L - +2 helmet of Cedint {+Fly Regen+ Str+4}
rElec    +         Reflect  .   x - +1 cloak of Starlight {rElec rC+ EV+4 Stlth--}
rCorr    .         Harm     .   c - +3 pair of gauntlets of War {Slay+5}
MR       ++++.                  V - +0 pair of boots of the Lizard {rPois rC+}
Stlth    ..........             P - macabre finger necklace {rN+}
HPRegen  1.58/turn              C - ring "Sasogais" {MR+ SInv}
MPRegen  0.27/turn              y - ring "Jacece" {rF+ AC+6}
                                X - ring of Meusif {rPois rN+ Slay+3}

@: no status effects
A: fangs 3, icy blue scales 1, clever 1, regeneration 2, electricity resistance,
weak 1, magic shield, antimagic bite, no potion heal 3, rot immunity
0: Orb of Zot
}: 15/15 runes: barnacled, slimy, silver, golden, iron, obsidian, icy, bone,
abyssal, demonic, glowing, magical, fiery, dark, gossamer
a: Stomp, Renounce Religion, Evoke Flight


You escaped.
You worshipped Uskayaw.
Uskayaw was extremely pleased with you.
You were not hungry.

You visited 18 branches of the dungeon, and saw 90 of its levels.
You visited Pandemonium 1 time, and saw 29 of its levels.
You visited the Abyss 1 time.
You visited 1 bazaar.
You visited 2 ziggurats, and saw 17 of their levels (deepest: 9).
You also visited: Labyrinth, Trove, Sewer, Ice Cave and Wizlab.

You collected 11451 gold pieces.
You spent 7692 gold pieces at shops.

Inventory:

Hand Weapons
 b - the +7 quick blade "Laora" {pierce, rElec MR+ Dex+4}
   (You acquired it on level 3 of the Elven Halls)

   It inflicts extra damage upon your enemies.
   It affects your dexterity (+4).
   It insulates you from electricity.
   It affects your resistance to hostile enchantments.
 S - a +9 rapier of holy wrath (weapon)
Missiles
 J - 6 throwing nets (quivered)
Armour
 c - the +3 pair of gauntlets of War (worn) {Slay+5}
   (You found it on level 3 of the Elven Halls)

   It affects your accuracy and damage with ranged weapons and melee attacks
   (+5).
 g - a +2 large shield of protection
 x - the +1 cloak of Starlight (worn) {rElec rC+ EV+4 Stlth--}
   (You found it in a wizard's laboratory)

   It affects your evasion (+4).
   It protects you from cold.
   It insulates you from electricity.
   It makes you much less stealthy.
 A - the +0 large shield "Uthuphyi" (worn) {rF+ rN+ SInv}
   (You found it in a treasure trove)

   It protects you from fire.
   It protects you from negative energy.
   It lets you see invisible.
 H - the +5 cloak of Focus {rN+ rCorr Dex-2, unknown}
   (You found it in a treasure trove)

   It affects your dexterity (-2).
   It protects you from negative energy.
   It protects you from acid and corrosion.
 L - the +2 helmet of Cedint (worn) {+Fly Regen+ Str+4}
   (You found it in an ice cave)

   It affects your strength (+4).
   It lets you fly.
   It increases your rate of regeneration.
 R - a +14 crystal plate armour (worn)
 V - the +0 pair of boots of the Lizard (worn) {rPois rC+}
   (You found it in an ice cave)

   It protects you from cold.
   It protects you from poison.
Jewellery
 y - the ring "Jacece" (right hand) {rF+ AC+6}
   (You bought it in a shop on level 2 of the Orcish Mines)

   [ring of protection]

   It affects your AC (+6).
   It protects you from fire.
 C - the ring "Sasogais" (left hand) {MR+ SInv}
   (You found it on level 3 of the Elven Halls)

   [ring of see invisible]

   It affects your resistance to hostile enchantments.
   It lets you see invisible.
 P - the macabre finger necklace (around neck) {rN+}
   (You found it on level 9 of the Dungeon)

   [amulet of nothing]

   It protects you from negative energy.
 X - the ring of Meusif (on amulet) {rPois rN+ Slay+3}
   (You bought it in a shop on level 15 of the Dungeon)

   [ring of poison resistance]

   It affects your accuracy and damage with ranged weapons and melee attacks
   (+3).
   It protects you from poison.
   It protects you from negative energy.
 Y - the ring "Addeymp" {rF+ rC+ MP+9 Str-2}
   (You found it on level 3 of the Tomb of the Ancients)

   [ring of magical power]

   It affects your strength (-2).
   It protects you from fire.
   It protects you from cold.
   It affects your magic capacity (+9).
Wands
 k - a wand of iceblast (7/15)
 o - a wand of clouds (5/9)
 u - a wand of scattershot (5/9)
 w - a wand of acid (9/15)
 N - a wand of paralysis (8/24)
 T - a wand of digging (16/24)
Scrolls
 a - 5 scrolls of recharging
 i - 14 scrolls of enchant weapon
 l - 2 scrolls of magic mapping
 n - 3 scrolls of fear
 p - 24 scrolls of teleportation
 r - 33 scrolls of remove curse {@r2}
 s - 8 scrolls of immolation
 t - 3 scrolls of silence
 v - 14 scrolls of fog
 B - 6 scrolls of holy word
 E - 6 scrolls of summoning
Potions
 h - 5 potions of resistance
 j - 2 potions of cancellation
 m - 25 potions of curing {@q1}
 q - 9 potions of agility
 D - 6 potions of might
 F - 3 potions of haste
 G - 3 potions of brilliance
 O - 10 potions of mutation
 W - 3 potions of invisibility
Miscellaneous
 I - 6 sacks of spiders
 K - 5 boxes of beasts
 M - a lamp of fire
 U - a lightning rod (1/4)
 Z - a fan of gales
Comestibles
 d - 36 bread rations
 e - 18 meat rations
 z - 30 royal jellies


   Skills:
 + Level 24.4 Fighting
 - Level 13.8(14.0) Short Blades
   Level 4.1(10.0) Long Blades
 + Level 22.9 Armour
 + Level 22.9 Dodging
 - Level 14.8 Stealth
 + Level 25.7 Shields
 + Level 25.6 Invocations
 - Level 11.2 Evocations


You had 26 spell levels left.
You didn't know any spells.

Dungeon Overview and Level Annotations

Branches:
Dungeon (15/15)            Temple (1/1) D:7            Lair (6/6) D:9
 Shoals (4/4) Lair:3       Spider (4/4) Lair:2        Slime (5/5) Lair:5
    Orc (2/2) D:10            Elf (3/3) Orc:2        Vaults (5/5) D:13
  Crypt (3/3) Vaults:3       Tomb (3/3) Crypt:3      Depths (5/5) D:15
   Hell (1/1)                 Dis (7/7) Hell            Geh (7/7) Hell
    Coc (7/7) Hell            Tar (7/7) Hell            Zot (5/5) Depths:5

Altars:
Ashenzari
Cheibriados
Dithmenos
Elyvilon
Fedhas
Gozag
Hepliaklqana
Kikubaaqudgha
Makhleb
Nemelex Xobeh
Okawaru
Qazlal
Ru
Sif Muna
Trog
Uskayaw
Vehumet
Wu Jian
Xom
Yredelemnul
Zin
The Shining One
Beogh
Jiyva

Shops:
D:12 :   D:13 *   D:15 *   Orc:2 *=([   Elf:3 =%   Shoals:3 ?   Vaults:3 %[((
Depths:1 ==}   Depths:5 %[([

Portals:
Hell: Depths:1 Depths:2 Depths:3 Depths:4 Depths:5
Abyss: Depths:1 Depths:2 Depths:4
Pandemonium: Depths:3

Annotations:
D:10 exclusion: upstairs
Lair:1 exclusion: 4 oklob plants
Lair:4 exclusion: downstairs
Lair:5 exclusion: 2 oklob plants
Orc:2 1 exclusion
Zot:2 1 transporter


Innate Abilities, Weirdness & Mutations

You have razor-sharp teeth.
You heal very quickly.
When hurt, damage is shared between your health and your magic reserves.
Your bite disrupts and absorbs the magic of your enemies.
Potions cannot restore your health.
You are immune to rotting.
You are partially covered in icy blue scales. (AC +2)
Your mind is acute. (Int +2)
You are resistant to electric shocks. (rElec)
You are weak. (Str -2)


Message History

There is an open door here.
An orange demon comes into view.
You block the orange demon's attack. x2
You impale the orange demon!!
The orange demon convulses!
You bite the orange demon! You drain its power.
You kill the orange demon!
You feel the corruption within you wane completely.
You feel a little less angry.
Your magical essence is no longer linked to your wands.
You feel a little more calm.
No target in view!
No target in view!
(D) Dungeon (T) Temple (L) Lair (A) Shoals (N) Spider Nest (M) Slime Pits (O) Orcish Mines (E) Elven Halls (V) Vaults (C) Crypt (W) Tomb (U) Depths (H) Hell (I) Dis (G) Gehenna (X) Cocytus (Y) Tartarus (Z) Zot
Where to? (Enter - D:1 @ (x,y), ? - help)
There is a staircase leading out of the dungeon here.
You have escaped!

#
#.8.....8.....8.#
#...###...###...#
##### ##### ##.##
#...###...###...#
#.8.....8.....8.#
#...###...###...#
##.## ##### #####
#...###...###...#
#.8(....@.....8.#
#...###...###...#
##### ##### #####


There were no monsters in sight!

Vanquished Creatures
  Cerebov (Pan)
  Antaeus (Coc:7)
  Asmodeus (Geh:7)
  the Royal Jelly (Slime:5)
  Ereshkigal (Tar:7)
  Gloorx Vloq (Pan)
  6 pandemonium lords
  the Serpent of Hell (Geh:7)
  Mnoleg (Pan)
  Dispater (Dis:7)
  Lom Lobon (Pan)
  Khufu (Tomb:1)
  7 orbs of fire
  Mennas (Pan)
  13 ancient liches
  16 greater mummies
  Bai Suzhen (Vaults:5)
  The ghost of kuniqs the Hoplite, a legendary VSFi of Uskayaw (Pan)
  2 shard shrikes
  A caustic shrike (Depths:4)
  6 Killer Klowns
  5 curse toes
  Geryon (Hell)
  11 golden dragons
  7 bone dragons
  5 electric golems
  14 Tzitzimimeh
  A hellephant (Zig:7)
  12 Brimstone Fiends
  An iron giant (shapeshifter) (Zig:8)
  3 iron giants
  6 doom hounds
  9 Ice Fiends
  15 liches
  27 Orb Guardians
  15 tentacled monstrosities
  The ghost of tstbtto the Warrior, an adept GrBe of Trog (Vaults:3)
  8 Hell Sentinels
  Asterion (Spider:1)
  Rupert (D:14)
  3 deep elf blademasters
  22 acid blobs
  5 titans (Vaults:5)
  3 deep elf master archers (Elf:3)
  3 krakens
  10 death cobs
  2 eldritch tentacles
  Polyphemus (Shoals:4)
  A quicksilver dragon (Zot:4)
  A tentacled starspawn (Abyss:2)
  Kirke (D:15)
  Gastronok (Lair:3)
  10 sphinxes
  14 ancient champions
  21 Executioners
  11 storm dragons
  14 shadow dragons
  Ilsuiw (Shoals:4)
  Agnes (Spider:1)
  5 tengu reavers
  5 draconian monks
  Donald (Shoals:2)
  5 revenants
  7 draconian knights
  7 blood saints
  11 vault wardens
  4 deep elf sorcerers
  7 azure jellies
  16 frost giants
  Aizul (Depths:3)
  3 warmongers (Pan)
  3 orc warlords
  9 iron dragons
  8 draconian shifters
  11 fire giants
  24 balrugs
  4 draconian stormcallers
  7 emperor scorpions
  5 curse skulls
  6 draconian scorchers
  4 ghouls
  5 ghost moths
  5 corrupters
  12 cacodemons
  5 deep elf elementalists
  11 draconian annihilators
  3 war gargoyles
  2 spriggan defenders
  33 reapers
  16 ironheart preservers
  30 stone giants
  An elemental wellspring (Coc:7)
  9 entropy weavers
  10 bennus
  32 very ugly things
  14 black draconians
  2 black suns (Pan)
  3 vampire knights
  9 deep elf annihilators
  6 lorocyprocas
  12 green draconians
  11 yellow draconians
  11 deep elf demonologists
  3 dire elephants
  5 spark wasps (Depths:3)
  10 red draconians
  21 white draconians
  12 purple draconians
  4 eidola
  7 green deaths (Pan)
  3 death oozes (Slime:5)
  A minotaur (Lab)
  12 deep elf death magi
  26 mummy priests
  7 merfolk javelineers
  Snorg (Lair:3)
  7 ettins
  6 quicksilver dragon zombies
  15 blizzard demons
  9 jiangshi
  9 deep elf high priests
  12 fire dragons
  Fannar (Lair:3)
  5 quicksilver dragon skeletons
  The ghost of wazuzu the Spear-Bearer, a journeyman DrMo of Ru (D:10)
  29 ogre magi
  11 merfolk impalers
  A kraken zombie (Coc:6)
  16 yaktaur captains
  10 rakshasas
  14 great orbs of eyes
  3 monstrous demonspawn (Pan)
  17 ice dragons
  3 ghost crabs
  3 spriggan air magi
  10 hydras
  7 catoblepae
  33 vault guards
  3 merfolk avatars
  An anaconda (shapeshifter) (Vaults:5)
  13 centaur warriors
  7 hell beasts
  16 deep troll shamans
  5 death knights
  25 death scarabs
  10 merfolk aquamancers
  73 two-headed ogres
  15 tengu warriors
  3 satyrs
  15 death yaks
  4 titan zombies
  An orc high priest (Orc:2)
  14 deep troll earth magi
  A naga sharpshooter (Zig:1)
  27 dancing weapons
  7 thrashing horrors
  Nergalle (Orc:2)
  29 sun demons
  Sonja (Lair:3)
  6 vampire magi
  37 hell hogs
  3 iron golems
  A spriggan berserker (Depths:3)
  A wretched star (Abyss:2)
  32 soul eaters
  26 deep elf knights
  87 skeletal warriors
  5 storm dragon zombies
  33 hell knights
  16 iron trolls
  2 titan skeletons
  A golden dragon zombie (Coc:7)
  The ghost of Ijustatesigmund the Sneak, a novice OpAs of Okawaru (D:7)
  46 deep trolls
  A spectral emperor scorpion (Crypt:3)
  A spectral anaconda (Crypt:3)
  6 storm dragon skeletons
  19 sixfirhies
  10 flayed ghosts
  An unseen horror (D:14)
  2 spriggan druids (Zig:8)
  A cherub (Pan)
  20 shadow demons
  26 shadow wraiths
  A death drake (Tar:5)
  8 torturous demonspawn (Pan)
  2 starcursed masses (Abyss:2)
  4 anaconda zombies
  3 glowing orange brains
  6 infernal demonspawn (Pan)
  12 wizards
  2 gelid demonspawn (Pan)
  8 sea snakes
  13 deep elf archers
  3 ghost moth zombies
  27 phantasmal warriors
  An iron giant skeleton (Crypt:2)
  8 wolf spider zombies
  An obsidian statue (WizLab)
  2 golden dragon skeletons
  14 necromancers
  19 ironbrand convokers
  3 iron dragon zombies
  3 shadow dragon zombies
  20 orc knights
  30 wolf spiders
  2 oklob plants (Lair:5)
  4 anaconda skeletons
  28 orb spiders
  13 harpies
  2 shining eyes
  14 fauns
  A mana viper (shapeshifter) (Depths:2)
  5 orc sorcerers
  66 deep elf magi
  80 ugly things
  A sphinx skeleton (Crypt:2)
  15 manticores
  7 fire giant zombies
  3 frost giant zombies
  2 spectral ettins (Crypt:3)
  A moth of wrath (shapeshifter) (Zig:8)
  25 moths of wrath
  14 elephants
  7 stone giant zombies
  A spectral fire dragon (Crypt:3)
  4 iron dragon skeletons
  3 stone giant skeletons
  7 cyclopes
  A spectral shock serpent (Crypt:3)
  17 merfolk sirens
  A worldbinder (WizLab)
  An elephant (shapeshifter) (Vaults:1)
  4 ice statues
  4 naga magi
  3 centaur zombies
  24 vault sentinels
  3 dire elephant zombies
  9 water nymphs
  Joseph (D:7)
  21 rust devils
  12 black mambas
  2 shock serpent zombies
  4 apocalypse crabs
  4 dire elephant skeletons
  6 molten gargoyles
  15 orange demons
  6 fire giant skeletons
  2 gargoyles
  5 storm dragon simulacra (Coc:7)
  12 spiny frogs
  36 large abominations
  15 smoke demons
  A white draconian zombie (Crypt:2)
  A black draconian zombie (Crypt:1)
  3 emperor scorpion zombies
  25 hellions
  4 efreet
  3 rime drakes
  26 tormentors
  11 komodo dragons
  A catoblepas skeleton (Crypt:3)
  32 freezing wraiths
  A golden dragon simulacrum (IceCv)
  13 hellwings
  28 yaktaurs
  54 guardian mummies
  22 demonic crawlers
  6 anaconda simulacra
  28 ice devils
  7 tengu conjurers
  2 silent spectres
  A merfolk (shapeshifter) (Vaults:4)
  An ancient zyme (Abyss:3)
  22 red devils
  A queen bee (Lair:5)
  13 hydra zombies
  3 meliai
  2 polar bears
  A tengu simulacrum (Vaults:2)
  15 trolls
  A wolf spider simulacrum (IceCv)
  5 hydra skeletons
  27 merfolk
  A wind drake (shapeshifter) (Vaults:4)
  22 jumping spiders
  A hornet (shapeshifter) (Vaults:3)
  9 hornets
  11 raiju
  Prince Ribbit (Lair:3)
  7 wind drakes
  7 ettin zombies
  An iron dragon simulacrum (Coc:5)
  5 bog bodies (Coc:7)
  A meliai zombie (Crypt:2)
  A polar bear (shapeshifter) (D:14)
  2 frost giant simulacra
  5 ice dragon zombies
  7 dream sheep (Lair:6)
  Grinder (D:3)
  55 blink frogs
  An alligator zombie (Coc:5)
  5 fire dragon zombies
  6 snapping turtles
  23 hippogriffs
  94 flying skulls
  41 slime creatures
  6 ice dragon skeletons
  6 air elementals
  21 tarantellas
  A satyr skeleton (Crypt:2)
  A shock serpent simulacrum (Tomb:1)
  Sigmund (D:2)
  12 fire elementals
  65 redbacks
  30 wraiths
  28 shadows
  30 water elementals
  2 fire dragon skeletons
  2 ettin skeletons
  A human (Depths:3)
  A tarantella (shapeshifter) (Abyss:3)
  4 wyverns
  Eustachio (D:4)
  A redback (shapeshifter) (Zig:8)
  6 fire bats
  A spriggan (Depths:4)
  2 spriggans (shapeshifter)
  12 ynoxinuls
  2 dire elephant simulacra (IceCv)
  29 ushabtiu
  60 yaks
  2 alligator skeletons
  3 hogs (D:15)
  14 neqoxecs
  A tyrant leech zombie (Crypt:1)
  12 basilisks
  14 chaos spawn
  4 vampire mosquitoes (D:12)
  11 hungry ghosts
  Menkaure (D:4)
  12 wargs
  A merfolk zombie (Tar:7)
  A soldier ant (shapeshifter) (Depths:1)
  A glowing shapeshifter zombie (Crypt:1)
  Edmund (D:4)
  4 harpy simulacra (IceCv)
  A soldier ant (D:14)
  4 acid dragons
  3 iron troll simulacra (IceCv)
  7 hydra simulacra
  19 water moccasins
  51 hell hounds
  A two-headed ogre skeleton (Crypt:2)
  6 spiny frog zombies
  A minotaur simulacrum (Coc:3)
  4 porcupines
  A floating eye (shapeshifter) (Zig:8)
  52 orc warriors
  A spiny frog skeleton (Geh:2)
  5 ice beasts
  A monstrous demonspawn skeleton (Crypt:1)
  2 sky beasts
  2 black bears
  An eye of draining (Slime:5)
  A swamp dragon zombie (Geh:7)
  5 small abominations
  2 snapping turtle zombies
  12 necrophages
  2 eyes of draining (shapeshifter)
  61 ogres
  A snapping turtle skeleton (Crypt:2)
  18 boggarts
  A phantom (Tar:1)
  4 wolves (D:9)
  A swamp dragon skeleton (Tar:4)
  34 centaurs
  22 crocodiles
  2 manticore skeletons
  2 big kobolds
  2 fire crab zombies
  4 elf zombies
  A yaktaur skeleton (WizLab)
  A wyvern zombie (D:8)
  26 bullfrogs
  7 earth elementals
  A water moccasin zombie (D:10)
  A human simulacrum (Vaults:1)
  6 scorpions
  43 killer bees
  A troll skeleton (Tomb:3)
  A troll zombie (Tar:6)
  A raiju zombie (Crypt:3)
  40 wights
  10 electric eels
  18 crimson imps
  A howler monkey (D:12)
  5 draconian simulacra (IceCv)
  4 bullfrog zombies
  3 human zombies
  A quasit (Abyss:2)
  15 hounds
  Crazy Yiuf (D:4)
  A basilisk zombie (Crypt:3)
  4 bullfrog skeletons
  25 orc priests
  5 jellies
  13 centaur skeletons
  An iguana (D:13)
  12 iron imps
  32 orc wizards
  Jessica (D:2)
  Ijyb (D:5)
  Terence (D:3)
  A hell rat (Zig:7)
  Natasha (thrice) (D:3)
  A lightning spire (Zot:3)
  3 troll simulacra (IceCv)
  10 worker ants
  4 spriggan simulacra (IceCv)
  An ogre zombie (Crypt:3)
  3 centaur simulacra (IceCv)
  A demigod skeleton (Crypt:3)
  A hound skeleton (D:9)
  3 hound zombies
  73 mummies
  2 howler monkey zombies
  3 worker ant zombies
  Robin (D:3)
  6 gnolls
  2 naga simulacra (IceCv)
  13 adders
  A howler monkey skeleton (D:6)
  2 ogre simulacra (IceCv)
  6 river rats
  A steam dragon skeleton (Crypt:3)
  11 shadow imps
  11 white imps
  10 ufetubi
  An ooze (D:3)
  3 adder zombies
  An adder skeleton (D:4)
  5 worms
  2 leopard geckos
  123 orcs
  2 bats (D:3)
  14 giant cockroaches
  16 goblins
  8 hobgoblins
  9 jackals
  3 quokkas
  2 ball pythons
  4 frilled lizards
  A frilled lizard zombie (Crypt:3)
  A hobgoblin zombie (Crypt:1)
  A jackal skeleton (D:5)
  11 kobolds
  A kobold skeleton (Dis:7)
  A kobold zombie (Tomb:3)
  A leopard gecko skeleton (D:4)
  2 quokka skeletons (D:8)
  A quokka zombie (D:7)
  8 rats
  2 crawling corpses (Elf:3)
  6 plants (Shoals:4)
  2 starspawn tentacles (Abyss:2)
  13 tentacles
4530 creatures vanquished.

Vanquished Creatures (collateral kills)
  An eye of devastation (Zig:9)
  4 slime creatures (Zig:9)
  An eye of draining (Zig:9)
6 creatures vanquished.

Vanquished Creatures (others)
  A shard shrike (Coc:5)
  An eldritch tentacle (Dis:7)
  An ancient champion (Tomb:2)
  A revenant (Tomb:2)
  2 ghost moths (Spider:4)
  A fire giant (Depths:2)
  2 elemental wellsprings
  A merfolk javelineer (Shoals:4)
  A yaktaur captain (Vaults:4)
  2 satyrs (Shoals:4)
  8 death scarabs
  A hell hog (Dis:7)
  A hell knight (Geh:4)
  A deep elf knight (Elf:3)
  A deep elf archer (Elf:2)
  4 fauns
  A wolf spider (Spider:4)
  A water nymph (Shoals:3)
  An orange demon (Tomb:2)
  3 yaktaurs
  A guardian mummy (Tomb:2)
  2 bog bodies (Coc:7)
  A wraith (Geh:6)
  A tarantella (Spider:1)
  6 flying skulls
  2 redbacks
  A fire bat (Abyss:3)
  A chaos spawn (Pan)
  An ushabti (Tomb:2)
  An orc warrior (Vaults:4)
  2 centaurs
  A wight (Geh:4)
  An orc wizard (D:8)
  3 mummies (Tomb:2)
  A bush (Lair:5)
  8 fungi
  3 lurking horrors
  33 plants
  30 tentacles
134 creatures vanquished.

Grand Total: 4670 creatures vanquished

Notes
Turn   | Place    | Note
-------+----------+-------------------------------------------
     0 | D:1      | kuniqs the Vine Stalker Fighter began the quest for the Orb.
     0 | D:1      | Reached XP level 1. HP: 11/11 MP: 2/2
   174 | D:1      | Reached XP level 2. HP: 13/16 MP: 1/3
   709 | D:2      | Noticed Sigmund
   763 | D:2      | Found a basalt altar of Yredelemnul.
  1082 | D:3      | Found an ornate altar of the Wu Jian Council.
  1094 | D:3      | Found a shadowy altar of Dithmenos.
  1125 | D:3      | Reached XP level 3. HP: 13/19 MP: 2/4
  1314 | D:3      | Found a deep blue altar of Sif Muna.
  1322 | D:3      | Noticed Grinder
  1342 | D:4      | Found a bloodstained altar of Trog.
  1361 | D:4      | Reached skill level 1 in Dodging
  1504 | D:4      | Gained mutation: Your natural rate of healing is unusually fast. [Vine Stalker growth]
  1504 | D:4      | Reached XP level 4. HP: 19/23 MP: 5/5
  1629 | D:4      | Found a sparkling altar of Nemelex Xobeh.
  1725 | D:4      | Noticed Eustachio
  1731 | D:5      | Entered Level 5 of the Dungeon
  1749 | D:5      | Reached XP level 5. HP: 10/28 MP: 3/6
  1885 | D:4      | Noticed Edmund
  2003 | D:5      | Noticed Ijyb
  2068 | D:4      | Killed Edmund
  2068 | D:4      | Reached XP level 6. HP: 27/32 MP: 7/7
  2120 | D:4      | Found a runed door.
  2169 | D:4      | Noticed Menkaure
  2178 | D:4      | Killed Menkaure
  2202 | D:4      | Reached XP level 7. HP: 36/36 MP: 8/8
  2373 | D:4      | Killed Eustachio
  2585 | D:4      | Reached skill level 5 in Shields
  2670 | D:4      | Noticed Crazy Yiuf
  2674 | D:4      | Killed Crazy Yiuf
  2745 | D:3      | Killed Grinder
  2745 | D:3      | Gained mutation: You have razor-sharp teeth. [Vine Stalker growth]
  2745 | D:3      | Reached XP level 8. HP: 26/42 MP: 9/9
  2840 | D:3      | Noticed Terence
  2859 | D:3      | Killed Terence
  2890 | D:3      | Noticed Robin
  2899 | D:3      | Killed Robin
  2979 | D:3      | Found a sacrificial altar of Ru.
  3085 | D:3      | Noticed Natasha
  3094 | D:3      | Killed Natasha
  3167 | D:3      | Found a white marble altar of Elyvilon.
  3299 | D:3      | Noticed Natasha
  3303 | D:3      | Killed Natasha
  3402 | D:2      | Noticed Jessica
  3405 | D:2      | Killed Jessica
  3527 | D:2      | Killed Sigmund
  3721 | D:2      | Found a glowing golden altar of the Shining One.
  3810 | D:3      | Noticed Natasha
  3815 | D:3      | Killed Natasha
  3880 | D:5      | Killed Ijyb
  4405 | D:6      | Found a blossoming altar of Fedhas.
  4417 | D:6      | Found a glowing drain.
  4472 | Sewer    | Entered a sewer
  4562 | Sewer    | Reached XP level 9. HP: 42/46 MP: 10/10
  4598 | Sewer    | Found a white marble altar of Elyvilon.
  5127 | D:6      | Reached skill level 5 in Fighting
  5228 | D:7      | Noticed a hornet
  5250 | D:7      | Paralysed by a hornet for 1 turns
  5262 | D:7      | Paralysed by a hornet for 2 turns
  5268 | D:7      | Killed a hornet
  5484 | D:7      | Noticed Ijustatesigmund's ghost (novice OpAs)
  5527 | D:7      | Killed Ijustatesigmund's ghost
  5527 | D:7      | Reached skill level 5 in Short Blades
  5609 | D:7      | Found a staircase to the Ecumenical Temple.
  5612 | D:7      | Noticed Joseph
  5645 | D:7      | Killed Joseph
  5645 | D:7      | Reached skill level 5 in Armour
  5661 | Temple   | Entered the Ecumenical Temple
  6121 | D:7      | Found a hazy altar of Hepliaklqana.
  6396 | D:8      | Reached XP level 10. HP: 51/51 MP: 11/11
  6741 | D:8      | Noticed a two-headed ogre
  6747 | D:8      | Killed a two-headed ogre
  6747 | D:8      | Reached skill level 5 in Dodging
  7011 | D:8      | Noticed a two-headed ogre
  7165 | D:8      | Killed a two-headed ogre
  7335 | D:8      | Found a stormy altar of Qazlal.
  7595 | D:9      | Found a hide-covered altar of Uskayaw.
  7598 | D:9      | Became a worshipper of Uskayaw the Reveler
  7699 | D:9      | Reached * piety under Uskayaw
  7702 | D:9      | Reached ** piety under Uskayaw
  7709 | D:9      | Reached *** piety under Uskayaw
  7722 | D:9      | Reached **** piety under Uskayaw
  7727 | D:9      | Reached ***** piety under Uskayaw
  7792 | D:9      | Reached skill level 1 in Invocations
  7884 | D:9      | Found a staircase to the Lair.
  8233 | D:9      | Reached XP level 11. HP: 53/58 MP: 12/12
  8307 | D:10     | Entered Level 10 of the Dungeon
  8524 | D:10     | Noticed wazuzu's ghost (journeyman DrMo)
  8964 | Lair:1   | Entered Level 1 of the Lair of Beasts
  9041 | Lair:1   | Noticed an oklob plant
  9571 | Lair:1   | Reached skill level 10 in Shields
 10000 | Lair:1   | Noticed an oklob plant
 10000 | Lair:1   | Noticed an oklob plant
 10000 | Lair:1   | Noticed an oklob plant
 10207 | Lair:2   | Gained mutation: You heal very quickly. [Vine Stalker growth]
 10207 | Lair:2   | Reached XP level 12. HP: 57/63 MP: 16/16
 10417 | Lair:2   | Noticed a four-headed hydra
 10424 | Lair:2   | Killed a four-headed hydra
 10465 | Lair:2   | Reached ****** piety under Uskayaw
 10573 | Lair:2   | Found a hole to the Spider Nest.
 10621 | Lair:2   | Noticed a five-headed hydra
 10630 | Lair:2   | Killed a five-headed hydra
 11135 | Lair:3   | Noticed Prince Ribbit
 11150 | Lair:3   | Killed Prince Ribbit
 11240 | Lair:3   | Noticed an eight-headed hydra
 11245 | Lair:3   | Noticed Snorg
 11263 | Lair:3   | Killed an eight-headed hydra
 11347 | Lair:3   | Got a bloodstained ring mail
 11366 | Lair:3   | Identified the cursed +1 ring mail of Miracles {+Inv rN+} (You found it on level 3 of the Lair of Beasts)
 11456 | Lair:3   | Killed Snorg
 11529 | Lair:3   | Noticed Gastronok
 11563 | Lair:3   | Killed Gastronok
 11563 | Lair:3   | Reached skill level 5 in Invocations
 11741 | Lair:3   | Noticed Fannar
 11777 | Lair:3   | Killed Fannar
 11777 | Lair:3   | Reached XP level 13. HP: 66/68 MP: 18/18
 11790 | Lair:3   | Noticed Sonja
 11807 | Lair:3   | Killed Sonja
 12106 | Lair:3   | Found a sparkling altar of Nemelex Xobeh.
 12254 | Lair:3   | Found a staircase to the Shoals.
 12828 | Lair:4   | Got a bloodstained buckler
 13426 | Lair:4   | Identified the +1 buckler "Cofymn" {+Inv Regen+ Int+3} (You found it on level 4 of the Lair of Beasts)
 13447 | Lair:5   | Found a staircase to the Slime Pits.
 14121 | Lair:5   | Reached XP level 14. HP: 75/75 MP: 20/20
 14962 | Lair:6   | Entered Level 6 of the Lair of Beasts
 15039 | Lair:5   | Reached skill level 1 in Evocations
 16254 | Lair:6   | Reached XP level 15. HP: 47/80 MP: 21/21
 16427 | Lair:6   | Got an ancient marble ring
 16429 | Lair:6   | Identified the ring "Vara" {*Slow rElec MR++ EV+2 Str+3} (You found it on level 6 of the Lair of Beasts)
 16561 | Lair:6   | Got a shimmering lead ring
 16562 | Lair:6   | Identified the ring of Uxkyipil {-Tele rPois Str+2 Int-3 Dex+7} (You found it on level 6 of the Lair of Beasts)
 16564 | Lair:6   | Got a warped scale mail
 16797 | D:10     | Reached skill level 10 in Fighting
 17089 | D:10     | Identified the cursed +0 scale mail "Ahi Zimn" {Str+7 Int+4} (You found it on level 6 of the Lair of Beasts)
 17123 | D:10     | Found a staircase to the Orcish Mines.
 17208 | D:10     | Killed wazuzu's ghost
 18200 | D:12     | Found Benargh's Book Emporium.
 18758 | Orc:1    | Entered Level 1 of the Orcish Mines
 19088 | Orc:1    | Gained mutation: You are clumsy. (Dex -2) [potion of mutation]
 19088 | Orc:1    | Gained mutation: You have large cloven feet. [potion of mutation]
 19204 | Orc:2    | Entered Level 2 of the Orcish Mines
 19430 | Orc:2    | Found a staircase to the Elven Halls.
 20045 | Orc:2    | Noticed an orc warlord
 20082 | Orc:2    | Killed an orc warlord
 20122 | Orc:2    | Noticed Nergalle
 20146 | Orc:2    | Killed Nergalle
 20162 | Orc:2    | Found a roughly hewn altar of Beogh.
 20368 | Orc:2    | Found Sojekliripn's General Store.
 20413 | Orc:2    | Found Qiwnyuho's Jewellery Boutique.
 20430 | Orc:2    | Found Vuebbuyrr's Antique Armour Boutique.
 20481 | Orc:2    | Bought an embroidered cloak for 247 gold pieces
 20494 | Orc:2    | Bought a runed cloak for 247 gold pieces
 20517 | Orc:2    | Found Vakygaz's Antique Weapon Boutique.
 20524 | Orc:2    | Bought a runed short sword for 180 gold pieces
 20544 | Orc:2    | Bought the ring "Jacece" {rF+ AC+6} for 1196 gold pieces
 20685 | D:13     | Found Axkyl's Assorted Antiques.
 20693 | D:13     | Bought a glowing dagger for 150 gold pieces
 20693 | D:13     | Bought a scroll of identify for 60 gold pieces
 20824 | D:13     | Reached XP level 16. HP: 86/86 MP: 23/23
 20981 | D:13     | Reached skill level 10 in Short Blades
 20992 | D:13     | Found a gate to the Vaults.
 21434 | D:13     | Noticed a storm dragon
 21627 | D:14     | Found a labyrinth entrance.
 21643 | Lab      | Entered a labyrinth
 21856 | Lab      | Reached skill level 5 in Evocations
 21858 | Lab      | Got a bound amber ring
 21859 | Lab      | Got a brightly glowing scimitar {slice}
 21859 | Lab      | Got a pearl-encrusted plate armour
 21901 | Lab      | Identified the +9 plate armour of Duyvei {Str+2} (You took it off a minotaur in a labyrinth)
 21903 | Lab      | Identified the ring of Qaemp {+Inv rPois rF- Dex+3 SInv} (You took it off a minotaur in a labyrinth)
 21907 | Lab      | Got a shimmering iron amulet
 21913 | Lab      | Identified the amulet of Sif Muna's Outrage {Gourm rC+} (You found it in a labyrinth)
 21924 | Lab      | Identified the +8 scimitar "Medgh" {slice, *Drain rElec Int+3} (You took it off a minotaur in a labyrinth)
 22124 | D:14     | Noticed Rupert
 22134 | D:14     | Killed Rupert
 22134 | D:14     | Reached skill level 1 in Long Blades
 22951 | D:15     | Entered Level 15 of the Dungeon
 22984 | D:15     | Noticed Kirke
 23009 | D:15     | Killed Kirke
 23011 | D:15     | Reached skill level 10 in Dodging
 23039 | D:15     | Found Gozag's Platinum Reserve.
 23039 | D:15     | Found an opulent altar of Gozag.
 23121 | D:15     | Got a bloodstained helmet
 23127 | D:15     | Identified the cursed -3 helmet of the Saviour {+Fly rPois Int-3 Dex+5} (You found it on level 15 of the Dungeon)
 23329 | D:15     | Reached skill level 10 in Armour
 23577 | D:15     | Found a staircase to the Depths.
 23953 | Spider:1 | Entered Level 1 of the Spider Nest
 24020 | Shoals:1 | Entered Level 1 of the Shoals
 24205 | Shoals:1 | Noticed a kraken
 24224 | Shoals:1 | Killed a kraken
 24224 | Shoals:1 | Reached XP level 17. HP: 73/91 MP: 23/25
 24991 | Shoals:2 | Noticed Donald
 25006 | Shoals:2 | Killed Donald
 25624 | Shoals:3 | Found Jympuunn's Magic Scroll Boutique.
 25634 | Shoals:3 | Bought 2 scrolls of identify for 76 gold pieces
 25634 | Shoals:3 | Bought a scroll of fear for 66 gold pieces
 26012 | Shoals:3 | Reached skill level 10 in Invocations
 26581 | Shoals:3 | Noticed a kraken
 26646 | Shoals:3 | Killed a kraken
 26811 | Spider:1 | Noticed Agnes
 26824 | Spider:1 | Killed Agnes
 27084 | Spider:1 | Noticed Asterion
 27109 | Spider:1 | Killed Asterion
 27890 | Spider:2 | Reached XP level 18. HP: 98/98 MP: 26/26
 28466 | Spider:3 | Reached skill level 15 in Shields
 28984 | Spider:4 | Entered Level 4 of the Spider Nest
 29436 | Spider:4 | Got a gossamer rune of Zot
 30045 | Shoals:4 | Entered Level 4 of the Shoals
 30131 | Shoals:4 | Found a frozen archway.
 30157 | IceCv    | Entered an ice cave
 30440 | IceCv    | Reached XP level 19. HP: 63/102 MP: 28/28
 30482 | IceCv    | Identified a scroll of acquirement
 30703 | IceCv    | Got a faintly humming helmet
 30709 | IceCv    | Identified the +2 helmet of Cedint {+Fly Regen+ Str+4} (You found it in an ice cave)
 30716 | IceCv    | Got a pair of ichor-stained boots
 30722 | IceCv    | Identified the +0 pair of boots of the Lizard {rPois rC+} (You found it in an ice cave)
 31064 | Shoals:4 | Got a barnacled rune of Zot
 31401 | Shoals:4 | Noticed Polyphemus
 31410 | Shoals:4 | Killed Polyphemus
 31707 | Shoals:4 | Noticed Ilsuiw
 31722 | Shoals:4 | Killed Ilsuiw
 32198 | Vaults:1 | Entered Level 1 of the Vaults
 32479 | Vaults:1 | Reached XP level 20. HP: 108/108 MP: 30/30
 33859 | Vaults:2 | Reached skill level 10 in Evocations
 34762 | Vaults:3 | Found Beffizuc's Weapon Emporium.
 34779 | Vaults:3 | Found Exosed's Food Emporium.
 34802 | Vaults:3 | Reached XP level 21. HP: 114/114 MP: 31/31
 34918 | Vaults:3 | Found Turoonua's Armour Shop.
 34919 | Vaults:3 | Found Kyvunext's Antique Weapon Shop.
 34937 | Vaults:3 | Bought a +1 pair of gloves of strength for 313 gold pieces
 35001 | Vaults:3 | Found a staircase to the Crypt.
 35143 | Vaults:3 | Noticed tstbtto's ghost (adept GrBe)
 35170 | Vaults:3 | Killed tstbtto's ghost
 36098 | Vaults:4 | Found a flickering gateway to a bazaar.
 36123 | Bazaar   | Entered a bazaar
 36123 | Bazaar   | Found Buidoyla's Antique Armour Shop.
 36123 | Bazaar   | Found Zoagahak's Antique Weapon Shop.
 36145 | Bazaar   | Found Cucrok's Distillery.
 36202 | Bazaar   | Bought 2 potions of cancellation for 96 gold pieces
 36202 | Bazaar   | Bought a potion of cancellation for 48 gold pieces
 36202 | Bazaar   | Bought a potion of resistance for 60 gold pieces
 36202 | Bazaar   | Bought a potion of agility for 24 gold pieces
 36202 | Bazaar   | Bought a potion of curing for 18 gold pieces
 36202 | Bazaar   | Bought a potion of curing for 18 gold pieces
 36202 | Bazaar   | Bought 2 potions of agility for 48 gold pieces
 37284 | Vaults:4 | Reached XP level 22. HP: 120/120 MP: 33/33
 37404 | Vaults:5 | Entered Level 5 of the Vaults
 37404 | Vaults:5 | Noticed a golden dragon
 38086 | Elf:1    | Entered Level 1 of the Elven Halls
 39089 | Elf:2    | Reached skill level 1 in Stealth
 39488 | Elf:2    | Found a runed gate.
 39488 | Elf:2    | Found a runed gate.
 39488 | Elf:2    | Found a runed gate.
 39997 | Elf:3    | Entered Level 3 of the Elven Halls
 40044 | Elf:3    | Found Dokk's Food Shop.
 40275 | Elf:3    | Reached XP level 23. HP: 123/125 MP: 34/34
 40407 | Elf:3    | Reached skill level 5 in Stealth
 40557 | Elf:3    | Got a slimy lapis lazuli ring
 40559 | Elf:3    | Identified the cursed ring "Touts" {Str-4 Dex+3} (You took it off a deep elf elementalist on level 3 of the Elven Halls)
 40577 | Elf:3    | Identified the Grimoire of Cloudy Contamination
 40595 | Elf:3    | Got a crude quick blade
 40596 | Elf:3    | Identified the +7 quick blade "Laora" {pierce, rElec MR+ Dex+4} (You acquired it on level 3 of the Elven Halls)
 40636 | Elf:3    | Got a shimmering iron ring
 40637 | Elf:3    | Identified the ring "Sasogais" {MR+ SInv} (You found it on level 3 of the Elven Halls)
 41086 | Elf:3    | Found Hihotwec's Jewellery Shop.
 41609 | Vaults:5 | Noticed a golden dragon
 41618 | Vaults:5 | Noticed a golden dragon
 41620 | Vaults:5 | Killed a golden dragon
 41856 | Vaults:5 | Reached skill level 15 in Fighting
 41897 | Vaults:5 | Noticed a golden dragon
 41897 | Vaults:5 | Noticed Bai Suzhen
 41921 | Vaults:5 | Killed Bai Suzhen
 41922 | Vaults:5 | Killed a golden dragon
 41944 | Vaults:5 | Got a silver rune of Zot
 42014 | Vaults:5 | Noticed an ancient lich
 42021 | Vaults:5 | Killed an ancient lich
 42133 | Vaults:5 | Reached XP level 24. HP: 119/131 MP: 33/35
 42203 | Vaults:5 | Reached skill level 15 in Invocations
 42590 | Vaults:5 | Reached skill level 10 in Stealth
 43231 | Crypt:1  | Entered Level 1 of the Crypt
 43989 | Crypt:2  | Reached XP level 25. HP: 137/137 MP: 35/35
 44314 | Crypt:3  | Entered Level 3 of the Crypt
 44339 | Crypt:3  | Noticed an ancient lich
 44350 | Crypt:3  | Killed an ancient lich
 44492 | Crypt:3  | Found a magical portal.
 44504 | WizLab   | Entered The Roulette of Golubria
 44504 | WizLab   | Found a transporter.
 44507 | WizLab   | Found a corrupted altar of Lugonu.
 44527 | WizLab   | Found a transporter.
 44571 | WizLab   | Found a transporter.
 44623 | WizLab   | Found a transporter.
 44679 | WizLab   | Found a transporter.
 44679 | WizLab   | Found a transporter.
 44697 | WizLab   | Found a transporter.
 44838 | Crypt:3  | Found a staircase to the Tomb.
 45094 | Crypt:3  | Found an ancient bone altar of Kikubaaqudgha.
 45371 | Crypt:3  | Reached skill level 15 in Armour
 45517 | Crypt:3  | Reached skill level 15 in Dodging
 45801 | Crypt:3  | Noticed a greater mummy
 45829 | Crypt:3  | Killed a greater mummy
 46523 | Slime:1  | Entered Level 1 of the Pits of Slime
 46818 | Slime:5  | Entered Level 5 of the Pits of Slime
 46910 | Slime:5  | Found a viscous altar of Jiyva.
 46910 | Slime:5  | Noticed the Royal Jelly
 46939 | Slime:5  | Killed the Royal Jelly
 46939 | Slime:5  | Reached XP level 26. HP: 115/144 MP: 36/36
 47115 | Slime:5  | Identified the amulet "Niapez" {Inacc MR+++ Dex-4} (You found it on level 5 of the Pits of Slime)
 47120 | Slime:5  | Got a slimy rune of Zot
 47187 | Slime:5  | Identified the ring "Hozxeq" {Dex+4 Stlth+} (You found it on level 5 of the Pits of Slime)
 47712 | Tomb:1   | Entered Level 1 of the Tomb of the Ancients
 47762 | Tomb:1   | Noticed Khufu
 47772 | Tomb:1   | Killed Khufu
 47936 | Tomb:1   | Noticed a greater mummy
 47948 | Tomb:1   | Killed a greater mummy
 47991 | Tomb:1   | Noticed an ancient lich
 48001 | Tomb:1   | Killed an ancient lich
 48053 | Tomb:1   | Noticed a greater mummy
 48069 | Tomb:1   | Noticed a greater mummy
 48072 | Tomb:1   | Killed a greater mummy
 48074 | Tomb:1   | Killed a greater mummy
 48217 | Tomb:2   | Noticed an ancient lich
 48229 | Tomb:2   | Noticed a greater mummy
 48229 | Tomb:2   | Killed an ancient lich
 48285 | Tomb:2   | Noticed a greater mummy
 48285 | Tomb:2   | Noticed a greater mummy
 48292 | Tomb:2   | Killed a greater mummy
 48293 | Tomb:2   | Killed a greater mummy
 48296 | Tomb:2   | Killed a greater mummy
 48806 | Tomb:3   | Entered Level 3 of the Tomb of the Ancients
 48849 | Tomb:3   | Noticed a greater mummy
 48852 | Tomb:3   | Reached XP level 27. HP: 52/149 MP: 36/36
 48855 | Tomb:3   | Noticed a greater mummy
 48977 | Tomb:3   | Noticed a greater mummy
 48980 | Tomb:3   | Noticed a greater mummy
 48990 | Tomb:3   | Killed a greater mummy
 49122 | Tomb:3   | Noticed a greater mummy
 49126 | Tomb:3   | Killed a greater mummy
 49264 | Tomb:3   | Killed a greater mummy
 49362 | Tomb:3   | Killed a greater mummy
 49468 | Tomb:3   | Noticed a greater mummy
 49469 | Tomb:3   | Noticed a greater mummy
 49594 | Tomb:3   | Killed a greater mummy
 49595 | Tomb:3   | Killed a greater mummy
 49603 | Tomb:3   | Killed a greater mummy
 49697 | Tomb:3   | Identified the amulet of Sin {RegenMP rF- MR- SInv Stlth+} (You found it on level 3 of the Tomb of the Ancients)
 49704 | Tomb:3   | Got a slimy lead amulet
 49743 | Tomb:3   | Got a transparent jade ring
 49745 | Tomb:3   | Identified the cursed ring "Vawy" {EV-4 Str+4} (You found it on level 3 of the Tomb of the Ancients)
 49756 | Tomb:3   | Got a clouded copper ring
 49757 | Tomb:3   | Identified the ring "Azeuxi" {rC+ Int+2} (You found it on level 3 of the Tomb of the Ancients)
 49767 | Tomb:3   | Got a scorched amber ring
 49768 | Tomb:3   | Identified the ring "Addeymp" {rF+ rC+ MP+9 Str-2} (You found it on level 3 of the Tomb of the Ancients)
 49784 | Tomb:3   | Identified Sif Muna's Papyrus of Damaging Air
 49826 | Tomb:3   | Noticed a greater mummy
 49842 | Tomb:3   | Killed a greater mummy
 50046 | Tomb:3   | Got a golden rune of Zot
 50760 | Orc:2    | Bought a scroll of fog for 26 gold pieces
 50760 | Orc:2    | Bought a potion of agility for 52 gold pieces
 50931 | D:15     | Bought the ring of Meusif {rPois rN+ Slay+3} for 4380 gold pieces
 50973 | Depths:1 | Entered Level 1 of the Depths
 51051 | Depths:1 | Found a portal to a secret trove of treasure.
 51195 | Depths:1 | Found Systrio's Gadget Shop.
 51195 | Depths:1 | Found Miseutre's Jewellery Shoppe.
 51197 | Depths:1 | Found Tuyl Lachu's Jewellery Shoppe.
 51238 | Depths:1 | Found a one-way gate to the infinite horrors of the Abyss.
 51366 | Depths:1 | Found a gateway to a ziggurat.
 51390 | Zig:1    | Entered Level 1 of a ziggurat
 51413 | Zig:2    | Entered Level 2 of a ziggurat
 51436 | Zig:3    | Entered Level 3 of a ziggurat
 51466 | Zig:4    | Entered Level 4 of a ziggurat
 51498 | Zig:4    | Got a smoking glass ring
 51501 | Zig:5    | Entered Level 5 of a ziggurat
 51543 | Zig:5    | Identified the ring of Syinin {rElec rPois rF+ rN+ EV+3 Dex-5} (You found it on level 4 of a ziggurat)
 51551 | Zig:6    | Entered Level 6 of a ziggurat
 51588 | Zig:6    | Got a scintillating iron ring
 51591 | Zig:6    | Identified the ring of Noon {rF+ MR+ MP+9 Str-5 Int+7} (You found it on level 6 of a ziggurat)
 51603 | Zig:7    | Entered Level 7 of a ziggurat
 51658 | Zig:7    | Identified the amulet "Saibe" {Inacc rF++ rC+ Int+3 Dex-3} (You found it on level 3 of the Tomb of the Ancients)
 51677 | Zig:8    | Entered Level 8 of a ziggurat
 51686 | Zig:8    | Noticed Wuhal the pandemonium lord
 51702 | Zig:8    | Killed Wuhal the pandemonium lord
 51706 | Zig:8    | Paralysed by a floating eye for 3 turns
 51769 | Zig:9    | Entered Level 9 of a ziggurat
 51823 | Zig:9    | Got a shimmering glass ring
 51825 | Zig:9    | Identified the ring of Amelioration {rF- MP+9 Str+7 Dex+2 Stlth+} (You found it on level 9 of a ziggurat)
 52027 | Depths:1 | Found a gateway to Hell.
 53463 | Depths:3 | Noticed Aizul
 53477 | Depths:3 | Killed Aizul
 53776 | Depths:3 | Found a one-way gate leading to the halls of Pandemonium.
 54200 | Depths:3 | Found a runed door.
 54273 | Depths:3 | Noticed an ancient lich
 54274 | Depths:3 | Noticed an ancient lich
 54280 | Depths:3 | Killed an ancient lich
 54295 | Depths:3 | Killed an ancient lich
 54353 | Depths:3 | Got a pair of jewelled boots
 54359 | Depths:3 | Identified the +0 pair of boots of the Black Moon {*Slow rF++ rN+ MR+} (You found it on level 3 of the Depths)
 55162 | Depths:5 | Entered Level 5 of the Depths
 55207 | Depths:5 | Paralysed by the power of Zot for 4 turns
 55324 | Depths:5 | Found a glowing golden altar of the Shining One.
 55430 | Depths:5 | Found Aphon's Antique Armour Emporium.
 55433 | Depths:5 | Found Udyat's Antique Weapon Emporium.
 55433 | Depths:5 | Found Ostruoch's Antique Armour Shoppe.
 55436 | Depths:5 | Found Ukkauk's Food Shoppe.
 55454 | Depths:5 | Bought a smoking rapier for 387 gold pieces
 55458 | Depths:5 | Identified the cursed +3 rapier of Incongruity {venom, rPois} (You bought it in a shop on level 5 of the Depths)
 55683 | Depths:5 | Identified the Guide on the Rocks
 55981 | Depths:5 | Found a gate to the Realm of Zot.
 56693 | Pan      | Entered Pandemonium
 56693 | Pan      | Noticed kuniqs's ghost (legendary VSFi)
 56712 | Pan      | Killed kuniqs's ghost
 56812 | Pan      | Got a vibrating golden amulet
 56815 | Pan      | Identified the amulet of Zony {Spirit rN+ Str-3 Dex+5 SInv} (You found it in Pandemonium)
 56961 | Pan      | Found an exit through the horrors of the Abyss.
 57049 | Pan      | Found a runed door.
 57053 | Pan      | Found a runed door.
 57054 | Pan      | Found a runed door.
 57067 | Pan      | Found a runed door.
 57075 | Pan      | Noticed Siafed the pandemonium lord
 57086 | Pan      | Killed Siafed the pandemonium lord
 57129 | Pan      | Entered the realm of Gloorx Vloq.
 57397 | Pan      | Found an exit through the horrors of the Abyss.
 57784 | Pan      | Noticed Gloorx Vloq
 57790 | Pan      | Killed Gloorx Vloq
 57819 | Pan      | Got a dark rune of Zot
 58086 | Pan      | Got a pair of faintly glowing gloves
 58097 | Pan      | Identified the +1 pair of gloves of Fortification {rF+ Regen+ Dex-5} (You acquired it in Pandemonium)
 58121 | Pan      | Found an exit through the horrors of the Abyss.
 58175 | Pan      | Entered the realm of Mnoleg.
 58230 | Pan      | Gained mutation: You expend magic power (3 MP) to strengthen your wands. [a neqoxec]
 58289 | Pan      | Gained mutation: Your spells are a little easier to cast, but a little less powerful. [a neqoxec]
 58305 | Pan      | Gained mutation: You are dopey. (Int -2) [a cacodemon]
 58340 | Pan      | Noticed Mnoleg
 58344 | Pan      | Killed Mnoleg
 58351 | Pan      | Gained mutation: Scrolls take you a little longer to read. [a cacodemon]
 58372 | Pan      | Got a glowing rune of Zot
 58596 | Pan      | Lost mutation: Scrolls take you a little longer to read. [potion of mutation]
 58596 | Pan      | Lost mutation: Your spells are a little easier to cast, but a little less powerful. [potion of mutation]
 58596 | Pan      | Lost mutation: You have large cloven feet. [potion of mutation]
 58596 | Pan      | Lost mutation: You are clumsy. (Dex -2) [potion of mutation]
 58596 | Pan      | Lost mutation: You are dopey. (Int -2) [potion of mutation]
 58596 | Pan      | Lost mutation: You expend magic power (3 MP) to strengthen your wands. [potion of mutation]
 58596 | Pan      | Gained mutation: You have sharp toenails. [potion of mutation]
 58596 | Pan      | Gained mutation: You are clumsy. (Dex -2) [potion of mutation]
 58596 | Pan      | Lost mutation: You are clumsy. (Dex -2) [potion of mutation]
 58596 | Pan      | Gained mutation: You are surrounded by a mild repulsion field. (EV +2) [potion of mutation]
 58599 | Pan      | Entered the realm of Lom Lobon.
 58680 | Pan      | Noticed Lom Lobon
 58680 | Pan      | Killed Lom Lobon
 58766 | Pan      | Got a magical rune of Zot
 58832 | Pan      | Found an exit through the horrors of the Abyss.
 58978 | Pan      | Entered the realm of Cerebov.
 59091 | Pan      | Noticed Cerebov
 59097 | Pan      | Killed Cerebov
 59222 | Pan      | Got a fiery rune of Zot
 59250 | Pan      | Found an exit through the horrors of the Abyss.
 59454 | Pan      | Noticed Nemagom the pandemonium lord
 59465 | Pan      | Gained mutation: You are frail. (-10% HP) [a neqoxec]
 59467 | Pan      | Killed Nemagom the pandemonium lord
 59598 | Pan      | Noticed Zovujaza the pandemonium lord
 59625 | Pan      | Killed Zovujaza the pandemonium lord
 59842 | Pan      | Noticed Kaoryja the pandemonium lord
 59854 | Pan      | Killed Kaoryja the pandemonium lord
 59889 | Pan      | Got a demonic rune of Zot
 59958 | Pan      | Noticed Mennas
 59976 | Pan      | Killed Mennas
 60248 | Pan      | Found an exit through the horrors of the Abyss.
 60253 | Pan      | Took an exit into the Abyss.
 60253 | Abyss:1  | Escaped into the Abyss
 61093 | Abyss:3  | Got an abyssal rune of Zot
 61110 | Depths:3 | Escaped the Abyss
 61159 | Hell     | Entered the Vestibule of Hell
 61159 | Hell     | Noticed Geryon
 61172 | Hell     | Killed Geryon
 61260 | Hell     | Found a gateway to the decaying netherworld of Tartarus.
 61278 | Tar:1    | Entered Level 1 of Tartarus
 61950 | Tar:4    | You fall through a shaft!
 62466 | Tar:7    | Entered Level 7 of Tartarus
 62591 | Tar:7    | Noticed Ereshkigal
 62624 | Tar:7    | Killed Ereshkigal
 62726 | Tar:7    | Got a bone rune of Zot
 62730 | Tar:7    | Noticed an ancient lich
 62745 | Tar:7    | Killed an ancient lich
 62856 | Hell     | Found a gateway to the ashen valley of Gehenna.
 62885 | Geh:1    | Entered Level 1 of Gehenna
 63457 | Geh:7    | Entered Level 7 of Gehenna
 63595 | Geh:7    | Noticed the Serpent of Hell
 63608 | Geh:7    | Killed the Serpent of Hell
 63716 | Geh:7    | Noticed Asmodeus
 63733 | Geh:7    | Killed Asmodeus
 63742 | Geh:7    | Got an obsidian rune of Zot
 63936 | Hell     | Found a gateway to the freezing wastes of Cocytus.
 63948 | Coc:1    | Entered Level 1 of Cocytus
 64687 | Coc:7    | Entered Level 7 of Cocytus
 64920 | Coc:7    | Noticed Antaeus
 64920 | Coc:7    | Killed Antaeus
 64984 | Coc:7    | Got a dazzling rapier
 64985 | Coc:7    | Identified the cursed +3 rapier of Iconoclasm {pierce, -Tele +Fly rElec Int-4} (You found it on level 7 of Cocytus)
 64994 | Coc:7    | Got an icy rune of Zot
 65120 | Hell     | Found a gateway to the Iron City of Dis.
 65138 | Dis:1    | Entered Level 1 of the Iron City of Dis
 65197 | Dis:1    | You fall through a shaft!
 65223 | Dis:2    | Gained mutation: You are very frail. (-20% HP) [mutagenic glow]
 65243 | Dis:2    | Lost mutation: You have sharp toenails. [potion of mutation]
 65243 | Dis:2    | Gained mutation: Your flesh is heat resistant. (rF+) [potion of mutation]
 65243 | Dis:2    | Gained mutation: You are agile. (Dex +2) [potion of mutation]
 65244 | Dis:2    | Lost mutation: You are surrounded by a mild repulsion field. (EV +2) [potion of mutation]
 65244 | Dis:2    | Lost mutation: You are very frail. (-20% HP) [potion of mutation]
 65244 | Dis:2    | Lost mutation: You are frail. (-10% HP) [potion of mutation]
 65244 | Dis:2    | Lost mutation: You are agile. (Dex +2) [potion of mutation]
 65244 | Dis:2    | Gained mutation: You evolve. [potion of mutation]
 65244 | Dis:2    | Gained mutation: You are surrounded by a mild repulsion field. (EV +2) [potion of mutation]
 66252 | Dis:7    | Entered Level 7 of the Iron City of Dis
 66754 | Dis:7    | Noticed Dispater
 66780 | Dis:7    | Killed Dispater
 66796 | Dis:7    | Got an iron rune of Zot
 67101 | Zot:1    | Entered Level 1 of the Realm of Zot
 67656 | Zot:1    | Lost mutation: Your flesh is heat resistant. (rF+) [evolution]
 68008 | Zot:2    | Found a transporter.
 69638 | Zot:4    | Noticed an orb of fire
 69640 | Zot:4    | Gained mutation: You are occasionally teleported next to monsters. [an orb of fire]
 69657 | Zot:4    | Killed an orb of fire
 69706 | Zot:4    | Lost mutation: You are surrounded by a mild repulsion field. (EV +2) [potion of mutation]
 69706 | Zot:4    | Lost mutation: You are occasionally teleported next to monsters. [potion of mutation]
 69706 | Zot:4    | Lost mutation: You evolve. [potion of mutation]
 69706 | Zot:4    | Gained mutation: You are weak. (Str -2) [potion of mutation]
 69706 | Zot:4    | Gained mutation: You are resistant to electric shocks. (rElec) [potion of mutation]
 69706 | Zot:4    | Gained mutation: Your mind is acute. (Int +2) [potion of mutation]
 69706 | Zot:4    | Gained mutation: You are partially covered in icy blue scales. (AC +2) [potion of mutation]
 70438 | Zot:4    | Noticed an orb of fire
 70450 | Zot:4    | Killed an orb of fire
 70484 | Zot:5    | Entered Level 5 of the Realm of Zot
 70679 | Zot:5    | Noticed an orb of fire
 70682 | Zot:5    | Killed an orb of fire
 70757 | Zot:5    | Noticed an ancient lich
 70758 | Zot:5    | Noticed an ancient lich
 70774 | Zot:5    | Killed an ancient lich
 70786 | Zot:5    | Killed an ancient lich
 70827 | Zot:5    | Got a smoking golden ring
 70830 | Zot:5    | Identified the ring "Numilis" {rCorr rC+ SInv} (You found it on level 5 of the Realm of Zot)
 70873 | Zot:5    | Noticed an ancient lich
 70884 | Zot:5    | Killed an ancient lich
 70910 | Zig:1    | Entered Level 1 of a ziggurat
 70935 | Zig:2    | Entered Level 2 of a ziggurat
 70961 | Zig:3    | Entered Level 3 of a ziggurat
 70992 | Zig:4    | Entered Level 4 of a ziggurat
 71058 | Zig:5    | Entered Level 5 of a ziggurat
 71093 | Zig:6    | Entered Level 6 of a ziggurat
 71183 | Zig:7    | Entered Level 7 of a ziggurat
 71192 | Zig:7    | Noticed a greater mummy
 71213 | Zig:7    | Killed a greater mummy
 71239 | Zig:7    | Got a scintillating lapis lazuli ring
 71241 | Zig:7    | Identified the ring "Uthaitay" {Wiz rC+} (You found it on level 7 of a ziggurat)
 71261 | Zig:8    | Entered Level 8 of a ziggurat
 71445 | Zot:5    | Noticed an ancient lich
 71455 | Zot:5    | Killed an ancient lich
 71499 | Zot:5    | Noticed an ancient lich
 71514 | Zot:5    | Killed an ancient lich
 71668 | Zot:5    | Noticed an ancient lich
 71678 | Zot:5    | Killed an ancient lich
 72021 | Depths:1 | You paid a toll of 18 scrolls of identify to enter a treasure trove
 72022 | Trove    | Entered a treasure trove
 72027 | Trove    | Identified the +0 large shield "Uthuphyi" {rF+ rN+ SInv} (You found it in a treasure trove)
 72029 | Trove    | Identified the +8 large shield of Elyvilon's Favour {Str+3 Int+4} (You found it in a treasure trove)
 72051 | Trove    | Got an ichor-stained cloak
 72458 | Zot:5    | Noticed an orb of fire
 72474 | Zot:5    | Killed an orb of fire
 72488 | Zot:5    | Noticed an orb of fire
 72505 | Zot:5    | Killed an orb of fire
 72562 | Zot:5    | Got the Orb of Zot
 72577 | Zot:5    | Noticed an orb of fire
 72582 | Zot:5    | Noticed an orb of fire
 72592 | Zot:5    | Killed an orb of fire
 72594 | Zot:5    | Killed an orb of fire
 72696 | Zot:4    | Noticed Cixagumo the pandemonium lord
 72718 | Zot:4    | Killed Cixagumo the pandemonium lord
 73408 | D:$      | Escaped with the Orb!

Vault maps used:
D:1:      minmay_arrival_nine_rooms, serial_forest,
          infiniplex_forest_clump_double, infiniplex_forest_zigzag_2,
          infiniplex_forest_corner_1, infiniplex_forest_straight_1,
          infiniplex_forest_clump_small, infiniplex_forest_straight_4,
          infiniplex_forest_end_double, infiniplex_forest_clump_curved,
          infiniplex_forest_clump_long, minmay_tall_x
D:2:      lemuel_round_altar, yredelemnul_altar_generic, minmay_strange_pillars,
          uniq_sigmund, uniq_jessica
D:3:      nicolae_overflow_quartered_altars, lemuel_crystal_altar,
          kennysheep_potato, uniq_grinder, uniq_natasha, uniq_robin,
          uniq_terence
D:4:      wad_lake_hut, nemelex_xobeh_ov_fountains_minmay, lemuel_crystal_altar,
          first_bread, uniq_menkaure, uniq_eustachio, uniq_edmund,
          uniq_crazy_yiuf_cottage
D:5:      uniq_ijyb
D:6:      overflow_temple_1_default, gup_sewer_entry_glass
D:7:      kennysheep_mini, minmay_temple_entry_statues_fountains,
          lemuel_old_faithful, uniq_joseph
D:8:      grunt_qazlal_clouds, blue_anna_alchemist
D:9:      cheibrodos_iron_armory, eat_drink_and_be_merry_uskayaw,
          erik_lair_island
D:10:     hiddenorc1_lemuel, special_room
D:12:     serial_shops, shop, pond
D:13:     lemuel_traditional_vault, david_vaults_5, serial_shops,
          nicolae_shop_overgrown_old_shop
D:14:     lab_entry_generic, serial_bayou_shore_b, uniq_rupert
D:15:     grunt_enter_depths_magical_seal, nicolae_gozag_zags_fifth_avenue,
          uniq_kirke
Temple:   compressed_dpeg_triangle_lava_temple
Lair:1:   minmay_lair_oklob_chamber
Lair:2:   dummy_spider_entry, serial_forest, infiniplex_forest_end_3,
          infiniplex_forest_clump_double, infiniplex_forest_clump_long,
          infiniplex_forest_end_1, infiniplex_forest_lined_room_2,
          infiniplex_forest_clump_cross, grunt_megastairs_5,
          lemuel_fruit_fields, serial_bayou_shore_a
Lair:3:   minmay_shoals_entry_lonely_mermaid, basic_altar, uniq_prince_ribbit2,
          uniq_sonja, uniq_fannar, uniq_snorg, uniq_gastronok
Lair:4:   beast_lair_carwin_9, lemuel_fruit_tree
Lair:5:   regret_index_harrowing_hell_hive, minmay_slime_entry_oklob_open,
          minmay_stone_trees_small
Lair:6:   evilmike_catoblepas_cave, serial_bayou_pond_d
Shoals:1: nicolae_shoals_kraken_intersection
Shoals:2: nicolae_shoals_seven_spires, nicolae_shoals_cliffside_cave,
          uniq_donald
Shoals:3: cheibrodos_shoals_baths, serial_shops, shop,
          nicolae_shoals_water_shrine
Shoals:4: shoals_end_simple, shoals_ilsuiw_ice,
          portal_ice_cave_entry_ice_statue_one, uniq_polyphemus
Spider:1: uniq_asterion, uniq_agnes
Spider:4: grunt_spider_rune_circles
Slime:1:  cheibrodos_slime_lost_civilization_6
Orc:1:    minmay_orc_keep
Orc:2:    grunt_orc_cross
Elf:1:    minmay_elf_necromancy, sword_in_stone
Elf:3:    minmay_elf_hall_not_hex, serial_shops, shop, shop, hex_medium,
          minivault_25
Vaults:1: hangedman_vaults_trim, vaults_room_hallway, hangedman_vaults_corner,
          v_misc_5, vaults_room_grunt_arrival_ludios,
          vaults_standard_mumra_lines, v_alt_pattern_3, ontoclasm_vaults_shout,
          v_alt_pattern_4, grunt_vaults_swirl, ontoclasm_vaults_ligature,
          ontoclasm_vaults_hangar
Vaults:2: ontoclasm_vaults_twist, nicolae_vaults_hallways_thing,
          nicolae_vaults_little_squares_6, ontoclasm_vaults_spin,
          nicolae_vaults_yaktaur_gun_rack, nicolae_vaults_bisected_slash,
          nicolae_vaults_asterisk, vaults_dpeg_doors, v_misc_13,
          vaults_room_fancy_cross
Vaults:3: nicolae_vaults_ring_of_whatevers, minmay_crypt_entry_simple_round,
          hangedman_vaults_pinch, v_misc_23, hangedman_vaults_river_flow,
          vaults_mumra_hex, v_misc_2, ontoclasm_vaults_idyll, v_misc_16,
          nicolae_vaults_border_crossing, vaults_room_corners,
          vaults_room_door_ring, nicolae_vaults_little_squares_4, serial_shops,
          shop_fountains, nicolae_shop_waterfront, nicolae_shop_behind_doors,
          shop
Vaults:4: grunt_vaults_twisty, ontoclasm_vaults_chip, vaults_room_pools,
          v_misc_30, v_misc_13, nicolae_vaults_little_squares_1,
          hangedman_vaults_slither, hangedman_vaults_cutoff,
          hangedman_vaults_stretched_pinwheel, vaults_room_pools,
          ontoclasm_vaults_decontamination, serial_shops, bzr_entry_islet
Vaults:5: uniq_bai_suzhen
Crypt:1:  item_on_display_a
Crypt:2:  grunt_ministairs_11, st_stairs_14
Crypt:3:  church_of_pain_bobbens, nicolae_tomb_entry_grand_gallery,
          infiniplex_enter_wizlab_glasses, minivault_24, st_burial_chamber
Tomb:1:   uniq_khufu, uniq_mara
Depths:1: enter_ziggurat_b, hangedman_tar_grid_catacomb, enter_trove_5,
          abyss_entry, kennysheep_windowed_goal, minmay_shop_grove
Depths:2: minmay_imperfect_grid, grunt_hell_entry_dis_grunt,
          kennysheep_pointless_box, abyss_entry
Depths:3: evilmike_wizard_prison, hell_entry, rand_demon_pan_entry_8,
          serial_bayou_ford_a, uniq_aizul
Depths:4: minmay_curly_fans, hangedman_coc_ice_floe, abyss_entry,
          grunt_ministairs_1
Depths:5: grunt_crosshair, lightli_too_deep, tso_metal_star,
          hangedman_research_geology, minmay_shoptagon
Dis:2:    lemuel_dis_dragons
Dis:7:    dis_st
Geh:1:    hangedman_hellfire_club
Geh:2:    nicolae_geh_amphitheater
Geh:6:    lemuel_flamethrower_3
Geh:7:    geh_grunt
Coc:1:    serial_ice
Coc:3:    lemuel_elevator
Coc:7:    coc_hangedman
Tar:2:    nicolae_tar_fractal_crypt
Tar:7:    tar_grunt_cathedral
Zot:1:    grunt_megastairs_2
Zot:2:    gammafunk_sealed_library
Zot:3:    st_stairs_6, amethyst_zot_foddershock
Zot:4:    grunt_zot_stairs_mandelzot, lemuel_lake_of_fire
Abyss:3:  evilmike_nicolae_abyss_rune_betentacled_crabyss
Abyss:4:  evilmike_abyss_exit_glass, evilmike_abyss_exit_vortex,
          hangedman_summoners_spam
Pan:      evilmike_mini_pan_T, nicolae_pan_cerebovesque_3,
          nicolae_pan_sick_transit, rand_demon_5, pan_blood_fountain,
          rand_demon_2, special_room, reaverb_pan_squares,
          nicolae_pan_strange_glyphs, evilmike_mini_pan_pillars_b,
          pan_blood_fountain_small, nicolae_pan_mnolegish_4, rand_demon_7,
          uniq_mennas_pan, lemuel_hellion_island, special_room,
          evilmike_gloorx_vloq_box, grunt_pan_in_and_out,
          nicolae_pan_mnolegish_5, nicolae_pan_sigil_uleosi, rand_demon_9,
          evilmike_mini_pan_possible_glass, uniq_mennas_pan, pan_blood_fountain,
          evilmike_mini_pan_V, mnoleg_st, special_room, lom_lobon_st,
          pan_blood_fountain_small, nicolae_pan_strange_glyphs, cerebov,
          pan_blood_fountain_small, nicolae_pan_mnolegish_3,
          evilmike_mini_pan_doors, uniq_mennas_pan, nicolae_pan_giant_door,
          nicolae_pan_giant_door, uniq_mennas_pan, grunt_pan_sceptre,
          nicolae_pan_mnolegish_1, grunt_pan_pentagram, rand_demon_2,
          reaverb_pan_figure_eight, evilmike_mini_pan_diamond,
          evilmike_mini_pan_diamond, evilmike_mini_pan_thingy, rand_demon_3,
          nicolae_pan_sick_transit, rand_demon_6, uniq_mennas_pan,
          pan_blood_fountain, pan_blood_fountain_small,
          regret_index_pan_draining_boxed, uniq_ignacio,
          pan_blood_fountain_small, nicolae_pan_mnolegish_5,
          nicolae_pan_sigil_eeng, rand_demon_1, evilmike_mini_pan_diamond,
          rand_demon_4, uniq_ignacio, nicolae_pan_gloorx_vloqian_4
Zig:5:    ziggurat_pillar_centre_dead_trees
Lab:      labyrinth_mini_lab
Bazaar:   bazaar_jpeg_cross
Trove:    trove_armour_2
Sewer:    sewer_kobolds
IceCv:    ice_cave_caverns_02
WizLab:   wizlab_golubria

Skill      XL: |  1  2  3  4  5  6  7  8  9 10 11 12 13 14 15 16 17 18 19 20 21 22 23 24 25 26 27 |
---------------+----------------------------------------------------------------------------------+-----
Short Blades   | 2 3 4 5 6 7 8 9 10 11 12 13 | 13.8
Shields        | 3 4 5 6 7 9 10 11 12 13 14 15 16 17 18 19 25 | 25.7
Dodging        | 1 2 3 4 5 6 7 8 9 10 11 12 13 14 15 22 | 22.9
Fighting       | 3 4 5 6 7 8 9 10 11 12 13 14 15 16 17 24 | 24.4
Armour         | 3 4 5 6 7 8 9 10 11 12 13 14 15 22 | 22.9
Invocations    | 1 4 5 6 7 8 9 10 11 12 13 14 15 16 17 25 | 25.6
Evocations     | 2 4 6 7 8 9 10 11 | 11.2
Long Blades    | 3 4 |  4.1
Stealth        | 4 8 10 12 14 | 14.8

Action                   |  1- 3 |  4- 6 |  7- 9 | 10-12 | 13-15 | 16-18 | 19-21 | 22-24 | 25-27 || total
-------------------------+-------+-------+-------+-------+-------+-------+-------+-------+-------++-------
Melee: Rapier            |    69 |   100 |       |       |       |   841 |  1484 |   680 |  3568 ||  6742
       Bite              |    20 |    44 |   186 |   358 |  1128 |   883 |   792 |   816 |  3873 ||  8100
       Flail             |       |    21 |   566 |   543 |       |       |       |       |       ||  1130
       Unarmed           |       |       |     6 |       |       |       |       |       |       ||     6
       Dagger            |       |       |    50 |   476 |  2189 |   159 |       |       |       ||  2874
       Kick              |       |       |       |       |   258 |   207 |       |       |       ||   465
       Scimitar          |       |       |       |       |       |   517 |       |       |       ||   517
       Quick blade       |       |       |       |       |       |       |       |   842 |  3194 ||  4036
Throw: Javelin           |     2 |       |     1 |     2 |       |       |       |       |       ||     5
       Throwing net      |       |       |       |       |       |       |       |       |    10 ||    10
Invok: Grand Finale      |       |       |       |       |     3 |     6 |     2 |     2 |    20 ||    33
       Line Pass         |       |       |       |       |       |       |     1 |     4 |    10 ||    15
 Abil: Evoke Invisibilit |       |       |       |     2 |       |       |       |       |       ||     2
       Evoke Flight      |       |       |       |       |       |       |       |       |    12 ||    12
       Stop Flying       |       |       |       |       |       |       |       |       |     2 ||     2
Evoke: Wand              |       |       |     4 |    19 |     2 |    13 |     5 |     5 |    36 ||    84
       Lightning rod     |       |       |       |       |     4 |    15 |     9 |     4 |     3 ||    35
       Lamp of fire      |       |       |       |       |       |       |       |     2 |     1 ||     3
       Box of beasts     |       |       |       |       |       |       |       |       |     4 ||     4
       Figurine of a zig |       |       |       |       |       |       |       |       |     1 ||     1
  Use: Scroll            |       |       |     7 |     6 |    13 |    18 |    10 |    10 |    69 ||   133
       Potion            |       |       |     7 |     2 |     3 |     7 |       |       |    30 ||    49
 Stab: Paralysed         |       |       |       |    28 |   152 |   125 |   161 |   113 |   640 ||  1219
       Invisible         |       |       |       |     3 |       |       |       |       |       ||     3
       Petrified         |       |       |       |       |     3 |       |     1 |     1 |       ||     5
       Distracted        |       |       |       |       |       |     1 |       |     1 |     1 ||     3
       Confused          |       |       |       |       |       |     2 |       |     2 |     3 ||     7
       Held in net/web   |       |       |       |       |       |       |       |       |     3 ||     3
       Petrifying        |       |       |       |       |       |       |       |       |     2 ||     2
  Eat: Chunk             |     2 |     2 |    16 |    26 |    34 |    24 |    22 |    20 |    17 ||   163
       Meat ration       |       |       |       |       |       |     3 |       |     1 |    22 ||    26
       Royal jelly       |       |       |       |       |       |     1 |       |     1 |       ||     2
Armor: Scale mail        |     9 |       |       |       |       |       |       |       |       ||     9
       Plate armour      |    10 |    68 |   412 |   434 |   384 |   726 |    25 |       |       ||  2059
       Chain mail        |       |       |    45 |       |    53 |       |       |       |       ||    98
       Skin              |       |       |     5 |     3 |       |       |       |       |       ||     8
       Ring mail         |       |       |       |     1 |       |       |       |       |       ||     1
       Crystal plate arm |       |       |       |       |       |       |   428 |   376 |  1245 ||  2049
Dodge: Dodged            |    13 |    20 |   151 |   357 |   600 |   797 |   400 |   265 |  1670 ||  4273
Block: Shield            |    27 |    51 |   425 |   626 |  1085 |  1141 |   813 |   190 |       ||  4358
       Reflection        |       |       |       |       |       |    24 |   116 |    16 |       ||   156
       Large shield      |       |       |       |       |       |       |       |   575 |  4537 ||  5112
       Rpst.: Scimitar   |       |       |       |       |       |    48 |       |       |       ||    48
